 Dungeon Crawl Stone Soup version 0.15-a0-1154-gddcb950 (webtiles) character file.

28 Amnesiac the Cudgeler (level 3, 0/31 HPs)
             Began as an Ogre Enchanter on May 30, 2014.
             Slain by an orc wizard
             ... wielding a +0,+0 dagger
              (1 damage)
             ... on Level 4 of the Dungeon.
             The game lasted 00:03:41 (841 turns).

Amnesiac the Cudgeler (Ogre Enchanter)               Turns: 841, Time: 00:03:41

HP   0/31        AC  4     Str 18      XL: 3   Next: 14%
MP   1/6         EV  9     Int 15      God:
Gold 32          SH  0     Dex  8 (10) Spells:  3 memorised,  0 levels left

rFire  . . .     SeeInvis +     j - +0 mace (holy)
rCold  . . .     Clarity  .     b - +1 robe
rNeg   . . .     rCorr    .     (shield restricted)
rPois  .         rRot     .     (helmet restricted)
rElec  .         Spirit   .     (no cloak)
SustAb .         Warding  .     (gloves unavailable)
rMut   .         Stasis   .     (boots unavailable)
Gourm  .                        (no amulet)
MR     .....                    (no ring)
                                e - ring of see invisible

@: confused, mighty, very slightly contaminated, hasted, very quick, not
resistant to hostile enchantments, very unstealthy
A: unfitting armour, tough skin 1
a: no special abilities


You were on level 4 of the Dungeon.
You were not hungry.

You visited 1 branch of the dungeon, and saw 4 of its levels.

You collected 32 gold pieces.

Inventory:

Hand weapons
 a - a +1,+1 club
 j - a +0,+0 mace of holy wrath (weapon)
Missiles
 d - 12 darts (quivered)
 n - 17 bolts
 p - 17 poisoned needles
Armour
 b - a +1 robe (worn)
Comestibles
 f - 2 meat rations
 q - a slice of pizza
Scrolls
 g - a scroll of identify {unknown}
 i - a scroll of noise {unknown}
Jewellery
 e - a ring of see invisible (left hand)
Books
 c - a book of Maledictions

   Spells                             Type                      Level
   *Corona                            Hexes                        1
   Sure Blade                         Hexes/Charms                 2
   Ensorcelled Hibernation            Hexes/Ice                    2
   *Confuse                           Hexes                        3
   *Dazzling Spray                    Conjuration/Hexes            3
   Enslavement                        Hexes                        4


   Skills:
 + Level 3.0 Maces & Flails
 - Level 1.1 Throwing
 - Level 1.7 Dodging
 - Level 1.5 Stealth
 - Level 2.5 Spellcasting
 - Level 2.5 Hexes


You couldn't memorise any spells.
You knew the following spells:

 Your Spells              Type           Power        Failure   Level  Hunger
a - Corona                Hex            #......      10%         1    #......
e - Dazzling Spray        Conj/Hex       #.......     43%         3    ####...
f - Confuse               Hex            #.......     24%         3    ####...


Dungeon Overview and Level Annotations

Branches:
Dungeon (4/15)
 Temple: D:4-7

Altars:
Sif Muna

Annotations:
D:4 exclusion: ogre


Innate Abilities, Weirdness & Mutations

You are too large for most types of armour.
You have tough skin (AC +1).


Message History

It was a potion of degeneration.
The orc wizard gestures at you while chanting.
The magic dart hits you!
* * * LOW HITPOINT WARNING * * *
Drink which item? (? for menu, Esc to quit)
You feel very mighty all of a sudden.
It was a potion of might.
The orc wizard hits you with a dagger.
* * * LOW HITPOINT WARNING * * *
You closely miss the orc wizard.
The orc wizard is lightly wounded.
The orc wizard hits you with a dagger.
* * * LOW HITPOINT WARNING * * *
Ouch!
The orc wizard hits you but does no damage.
Ouch! The orc wizard hits you with a dagger.
* * * LOW HITPOINT WARNING * * *
You hit the orc wizard.
The orc wizard is heavily wounded.
The orc wizard hits you with a dagger.
You die...

### ######.# #...O..#
#.# ##.# ##
#)###..############# .#
#.#(......o@........
..##.#.#.##############
#.#<...#.# #.##.###.#
#.#..o.....#
.....o.#####
#.###..############
..........%..o.....
#.#.#.#############


You could see an orc wizard (invisible).

Vanquished Creatures
  2 adders (D:2)
  A giant gecko (D:1)
  2 bats
  A hobgoblin (D:1)
  2 goblins
  A kobold (D:1)
  3 rats
12 creatures vanquished.

Notes
Turn   | Place    | Note
--------------------------------------------------------------
     0 | D:1      | Amnesiac, the Ogre Enchanter, began the quest for the Orb.
     0 | D:1      | Reached XP level 1. HP: 16/16 MP: 3/3
   262 | D:1      | Reached XP level 2. HP: 15/24 MP: 5/5
   406 | D:2      | Reached skill level 3 in Maces & Flails
   406 | D:2      | Reached XP level 3. HP: 19/31 MP: 4/6
   564 | D:2      | Learned a level 3 spell: Dazzling Spray
   568 | D:2      | Learned a level 3 spell: Confuse
   658 | D:3      | Found a deep blue altar of Sif Muna.
   813 | D:4      | Noticed an ogre
   840 | D:4      | HP: 1/31 [orc wizard/dagger (1)]
   841 | D:4      | Slain by an orc wizard

Action                   || total
-------------------------++-------
Melee: Club              ||    25
       Mace              ||    26
Throw: Javelin           ||     4
       Dart              ||     2
 Cast: Corona            ||     5
       Confuse           ||     1
  Use: Potion            ||     3
